 Dungeon Crawl Stone Soup version 0.31-a0-702-gf82c85558f (webtiles) character file.

Game seed: 17550244247726310618

7810 qw the Skirmisher (level 11, -1/71 HPs)
             Began as a Gargoyle Hunter on Sept 7, 2023.
             Was a Priest of Okawaru.
             Slain by a death yak (13 damage)
             ... on level 1 of the Lair of Beasts.
             The game lasted 00:04:08 (8428 turns).

qw the Skirmisher (Gargoyle Hunter)                 Turns: 8428, Time: 00:04:08

Health: -1/71      AC: 21    Str: 15    XL:     11   Next: 21%
Magic:  14/14      EV: 17    Int: 10    God:    Okawaru [***...]
Gold:   317        SH:  0    Dex: 17    Spells: 10/10 levels left

rFire   . . .        Y - +0 orcbow (elec)
rCold   + + .        (shield currently unavailable)
rNeg    + . .        b - +2 robe {rC+}
rPois   inf          (no helmet)
rElec   +            c - +2 cloak
rCorr   .            f - +1 pair of gloves
SInv    .            i - +2 pair of boots
Will    +....        h - amulet of faith
Stlth   +++          n - ring of protection from cold
HPRegen 0.31/turn    g - ring of willpower
MPRegen 0.14/turn

%: faith
@: heroic
A: sickness immunity, AC +8, negative energy resistance 1, electricity
resistance, torment resistance 1, petrification resistance
a: Renounce Religion, Heroism


You were on level 1 of the Lair of Beasts.
You worshipped Okawaru.
Okawaru was most pleased with you.
You visited 3 branches of the dungeon, and saw 10 of its levels.
You also visited: Sewer.

You collected 489 gold pieces.
You spent 172 gold pieces at shops.


Innate Abilities, Weirdness & Mutations

You are immune to sickness and miasma.
Your stone body is resilient. (AC +8)
You are immune to poison.
You resist negative energy. (rN+)
You are resistant to electric shocks. (rElec)
You are resistant to unholy torment.
You are immune to petrification.


   Skills:
 - Level 9.5(14.5) Fighting
 + Level 13.4(18.4) Ranged Weapons
 - Level 3.5(8.5) Armour
 - Level 4.3(9.3) Dodging
 - Level 1.1(6.1) Stealth
 - Level 4.0 Invocations


You had 10 spell levels left.
You didn't know any spells.
Your spell library was empty.

Inventory:

Hand Weapons
 Y - a +0 orcbow of electrocution (weapon)
Armour
 b - a +2 robe of cold resistance (worn)
 c - a +2 cloak (worn)
 f - a +1 pair of gloves (worn)
 i - a +2 pair of boots (worn)
Jewellery
 e - a ring of ice
 g - a ring of willpower (right hand)
 h - an amulet of faith (around neck)
 n - a ring of protection from cold (left hand)
 p - a ring of fire
Wands
 q - a wand of digging (4)
Scrolls
 a - a scroll of identify
Potions
 d - 2 potions of curing
 l - a potion of mutation
 m - a potion of haste
 o - a potion of might
 r - a potion of enlightenment {unknown}

Dungeon Overview and Level Annotations

Branches:
Dungeon (8/15)             Temple (1/1) D:6            Lair (1/5) D:8
  Sewer (visited)

Altars:
Ashenzari
Cheibriados
Dithmenos
Elyvilon
Gozag
Hepliaklqana
Makhleb
Nemelex Xobeh
Okawaru
Qazlal
Ru
Sif Muna
Trog
Uskayaw
Vehumet
Wu Jian
Xom
Yredelemnul
Zin
The Shining One

Shops:
D:2 (   D:4 ![

Annotations:
D:5 1 runed translucent door, Crazy Yiuf


Message History

The death yak is moderately wounded.
You hear a bellow!
The cane toad stings you!
You shoot an arrow. The arrow hits the cane toad!
The cane toad is almost dead.
The cane toad barely misses you.
You shoot an arrow.
The arrow completely misses the cane toad.
The arrow hits the death yak.
Lightning courses through the death yak!
The death yak is heavily wounded.
The cane toad closely misses you.
You shoot an arrow. The arrow hits the cane toad!
You kill the cane toad!
Okawaru accepts your kill.
The bullfrog hits you but does no damage.
You shoot an arrow. The arrow closely misses the bullfrog.
The arrow hits the death yak!
The death yak is lightly wounded.
The bullfrog hits you but does no damage.
You shoot an arrow. The arrow barely misses the bullfrog.
The arrow hits the death yak!
The death yak is moderately wounded.
You shoot an arrow. The arrow hits the death yak!
The death yak is severely wounded.
You shoot an arrow. The arrow barely misses the death yak.
The arrow hits the death yak.
The death yak is lightly wounded.
You shoot an arrow.
The arrow hits the death yak but does no damage.
The death yak is severely wounded.
The death yak gores you.
You shoot an arrow. The arrow hits the death yak!
The death yak is severely wounded.
The death yak gores you but does no damage.
You shoot an arrow.
The arrow hits the death yak but does no damage.
The death yak is severely wounded.
The death yak gores you!
You die...

##.# #.P#...P.## .###
#..###.........###.P.####
##.##....>.......#...%..
####.###.........#.......
#P#..# #...%..####.....##
#....# ##......##......P#
#.#### #.#...## #..!...#
#.P######..#### ##.<...#
#.###..#.#@### #.....##
#.......###YY# ##.#.##
#..####...YhF#####..##.#
. #.## #.......YY......#
. #.#
#...#..###.##......8.
#.##
##..##.##.#.8.##Y....
##..# ##.P##.#.# ..F.
..... #P.## #P..##.##
.>....8.>. ##.# #...#..##
...... ...


You could see 3 death yaks, a polar bear and a bullfrog.

Vanquished Creatures
  3 death yaks (Lair:1)
  3 cane toads (Lair:1)
  An unseen horror (D:7)
  2 polar bears (Lair:1)
  A hornet (D:7)
  Prince Ribbit (D:5)
  A yak (Lair:1)
  5 water moccasins (Lair:1)
  Duvessa (D:5)
  An ice beast (D:5)
  A black bear (Lair:1)
  An orc warrior (D:6)
  2 centaurs
  3 ogres
  2 phantoms (D:5)
  3 kobold brigands
  6 bullfrogs
  A scorpion (D:6)
  6 wights
  Dowan (D:5)
  5 killer bees (D:7)
  7 howler monkeys
  2 jellies
  2 hounds (D:6)
  6 orc priests
  2 sleepcaps
  A gnoll bouda (D:8)
  Natasha (twice) (D:2)
  3 iguanas
  4 orc wizards
  10 adders
  12 gnolls
  4 river rats (Sewer)
  A shadow imp (D:7)
  3 white imps (D:6)
  An ufetubus (D:5)
  2 worms
  4 dart slugs
  24 orcs
  3 bats
  10 endoplasms
  5 giant cockroaches
  9 goblins
  4 hobgoblins
  3 jackals (D:1)
  16 kobolds
  2 quokkas
  14 ball pythons
  14 frilled lizards
  16 rats
236 creatures vanquished.

Vanquished Creatures (others)
  A wizard (D:5)
1 creature vanquished.

Grand Total: 237 creatures vanquished

Notes
Turn   | Place    | Note
-------+----------+-------------------------------------------
     0 | D:1      | qw the Gargoyle Hunter began the quest for the Orb.
     0 | D:1      | Reached XP level 1. HP: 12/12 MP: 1/1
     0 | D:1      | 0 ||| qw: Version: 0.3-a-76-g4403597
     0 | D:1      | 0 ||| qw: Game counter: 912
     0 | D:1      | 0 ||| qw: Melee chars always use a shield: true
     0 | D:1      | 0 ||| qw: God list: Okawaru
     0 | D:1      | 0 ||| qw: Allow faded altars: false
     0 | D:1      | 0 ||| qw: Do Orc after clearing Dungeon:15 true
     0 | D:1      | 0 ||| qw: Do second Lair branch before Depths: true
     0 | D:1      | 0 ||| qw: Lair rune preference: random
     0 | D:1      | 0 ||| qw: Goals: Normal
     0 | D:1      | 0 ||| PLANNING D:1-11
    82 | D:1      | Reached XP level 2. HP: 17/17 MP: 2/2
   179 | D:1      | Found a faded altar of an unknown god.
   580 | D:1      | Reached XP level 3. HP: 21/21 MP: 3/3
   591 | D:1      | Reached skill level 5 in Ranged Weapons
   752 | D:1      | 752 ||| UPGRADING to amulet of faith.
   757 | D:1      | 757 ||| UPGRADING to ring of protection from cold.
   758 | D:1      | 758 ||| READING scroll labelled WEYJOL ENIFIFE.
   759 | D:1      | 759 ||| READING scroll labelled TUAVAROROU.
   760 | D:1      | 760 ||| READING scroll labelled USATOFUGHU.
   761 | D:1      | 761 ||| READING scroll labelled LAOWKI LUAKUL.
   762 | D:1      | 762 ||| READING scroll labelled QUCHEI LEBAMIH.
   763 | D:1      | 763 ||| READING scroll labelled WUKHLA LATSAQITO.
   764 | D:1      | 764 ||| DROPPING scroll of butterflies.
   868 | D:2      | Found Akeops's Weapon Boutique.
   923 | D:2      | Reached skill level 3 in Fighting
   963 | D:2      | Noticed Natasha
   969 | D:2      | 969 ||| Stepping ~*~*~tactically~*~*~ (retreating).
   970 | D:2      | Killed Natasha
   971 | D:2      | Reached XP level 4. HP: 21/28 MP: 4/4
   999 | D:2      | 999 ||| READING scroll of enchant weapon.
   999 | D:2      | 999 ||| ENCHANTING +1 shortbow.
  1175 | D:2      | Noticed Natasha
  1178 | D:2      | Killed Natasha
  1282 | D:2      | Reached XP level 5. HP: 32/32 MP: 5/5
  1421 | D:2      | 1421 ||| READING scroll of enchant weapon.
  1421 | D:2      | 1421 ||| ENCHANTING +2 shortbow.
  1426 | D:2      | 1426 ||| UPGRADING to +0 pair of gloves.
  1431 | D:2      | 1431 ||| UPGRADING to +0 ring mail.
  1441 | D:2      | 1441 ||| DROPPING +0 leather armour.
  1442 | D:2      | 1442 ||| DROPPING ring of flight.
  1443 | D:2      | 1443 ||| READING scroll labelled QOF XUM VAWAHO.
  1444 | D:2      | 1444 ||| READING scroll labelled ODUAKIL GUSAH.
  1445 | D:2      | 1445 ||| READING scroll labelled CET UN SEUTUCK.
  1446 | D:2      | 1446 ||| DRINKING 2 fuming sapphire potions.
  1550 | D:2      | 1550 ||| READING 2 scrolls of identify.
  1550 | D:2      | 1550 ||| IDENTIFYING fuming black potion
  1551 | D:2      | 1551 ||| DROPPING potion of brilliance.
  1552 | D:2      | 1552 ||| DROPPING potion of berserk rage.
  1698 | D:3      | Reached skill level 1 in Armour
  1725 | D:3      | Reached skill level 6 in Ranged Weapons
  2349 | D:3      | 2349 ||| READING scroll labelled HIETRYD NIAXA.
  2353 | D:3      | 2353 ||| READING scroll labelled LYREZO WOLI.
  2354 | D:3      | 2354 ||| READING scroll labelled AXERIASESE.
  2505 | D:4      | Reached XP level 6. HP: 38/38 MP: 6/6
  2507 | D:4      | 2507 ||| Stepping ~*~*~tactically~*~*~ (outnumbered).
  2517 | D:4      | 2517 ||| FLEEEEING.
  2518 | D:4      | 2518 ||| FLEEEEING.
  2519 | D:4      | 2519 ||| FLEEEEING.
  2520 | D:4      | 2520 ||| FLEEEEING.
  2522 | D:4      | 2522 ||| FLEEEEING.
  2523 | D:4      | 2523 ||| FLEEEEING.
  2524 | D:4      | 2524 ||| FLEEEEING.
  2684 | D:4      | Found a stormy altar of Qazlal.
  2817 | D:4      | Found Jabb's Antique Armour Shoppe.
  2824 | D:4      | Found Najehafa's Distillery.
  2839 | D:4      | 2839 ||| BUYING pair of glowing boots (172 gold).
  2839 | D:4      | Bought a pair of glowing boots for 172 gold pieces
  2839 | D:4      | 2839 ||| SHOPLISTING pitted ring mail (207 gold, have 48).
  2839 | D:4      | 2839 ||| SHOPLISTING runed leather armour (115 gold, have
                  | 48).
  2861 | D:4      | 2861 ||| SHOPLISTING 2 potions of heal wounds (120 gold,
                  | have 48).
  2861 | D:4      | 2861 ||| SHOPLISTING potion of resistance (120 gold, have
                  | 48).
  3006 | D:4      | 3006 ||| UPGRADING to +2 pair of boots.
  3011 | D:4      | 3011 ||| DROPPING ring of magical power.
  3012 | D:4      | 3012 ||| READING scroll labelled BIROEQ YPRO.
  3146 | D:5      | Entered Level 5 of the Dungeon
  3147 | D:5      | 3147 ||| PLANNING SEWER
  3181 | D:5      | 3181 ||| READING scroll of enchant armour.
  3181 | D:5      | 3181 ||| ENCHANTING +0 pair of gloves.
  3244 | D:5      | Reached skill level 7 in Ranged Weapons
  3262 | D:5      | Found a glowing drain.
  3263 | D:5      | 3263 ||| DRINKING 2 silvery potions.
  3270 | D:5      | 3270 ||| Stepping ~*~*~tactically~*~*~ (outnumbered).
  3284 | D:5      | Reached XP level 7. HP: 44/44 MP: 7/7
  3297 | Sewer    | Entered a sewer
  3368 | Sewer    | 3368 ||| Stepping ~*~*~tactically~*~*~ (water).
  3463 | Sewer    | 3463 ||| Stepping ~*~*~tactically~*~*~ (water).
  3532 | Sewer    | 3532 ||| Stepping ~*~*~tactically~*~*~ (water).
  3573 | Sewer    | 3573 ||| READING scroll of enchant weapon.
  3573 | Sewer    | 3573 ||| ENCHANTING +3 shortbow.
  3594 | Sewer    | 3594 ||| Stepping ~*~*~tactically~*~*~ (water).
  3637 | Sewer    | 3637 ||| Stepping ~*~*~tactically~*~*~ (water).
  3791 | D:5      | 3791 ||| PLANNING D:1-11
  3799 | D:5      | 3799 ||| Stepping ~*~*~tactically~*~*~ (outnumbered).
  3824 | D:5      | Reached skill level 8 in Ranged Weapons
  3838 | D:5      | 3838 ||| READING scroll of enchant weapon.
  3838 | D:5      | 3838 ||| ENCHANTING +4 shortbow.
  4145 | D:5      | Found a hide-covered altar of Uskayaw.
  4267 | D:5      | Found a bloodstained altar of Trog.
  4269 | D:5      | Noticed a wizard
  4273 | D:5      | Killed a wizard
  4325 | D:5      | Found a runed translucent door.
  4326 | D:5      | Noticed Crazy Yiuf
  4371 | D:5      | Noticed Duvessa
  4372 | D:5      | Noticed Dowan
  4373 | D:5      | 4373 ||| Stepping ~*~*~tactically~*~*~ (outnumbered).
  4375 | D:5      | 4375 ||| Stepping ~*~*~tactically~*~*~ (outnumbered).
  4387 | D:5      | Killed Duvessa
  4388 | D:5      | Reached XP level 8. HP: 49/49 MP: 8/8
  4392 | D:5      | Killed Dowan
  4437 | D:5      | Found a shadowy altar of Dithmenos.
  4452 | D:5      | Noticed Prince Ribbit
  4453 | D:5      | 4453 ||| RETREATING.
  4463 | D:5      | HP: 7/49 [Prince Ribbit (11)]
  4464 | D:5      | 4464 ||| READING 2 scrolls of teleportation.
  4702 | D:5      | Found a burning altar of Makhleb.
  4702 | D:5      | Noticed a blizzard demon
  4795 | D:5      | Killed Prince Ribbit
  4796 | D:5      | Reached skill level 9 in Ranged Weapons
  4860 | D:5      | 4860 ||| DRINKING 2 sedimented ruby potions.
  4886 | D:5      | 4886 ||| DRINKING 2 metallic puce potions.
  4887 | D:5      | 4887 ||| READING 3 scrolls of identify.
  4887 | D:5      | 4887 ||| IDENTIFYING purple potion
  4888 | D:5      | 4888 ||| READING 2 scrolls of identify.
  4888 | D:5      | 4888 ||| IDENTIFYING glowing yellow potion
  4889 | D:5      | 4889 ||| DROPPING potion of lignification.
  4890 | D:5      | 4890 ||| DROPPING potion of invisibility.
  4963 | D:6      | 4963 ||| READING scroll of enchant weapon.
  4963 | D:6      | 4963 ||| ENCHANTING +5 shortbow.
  4980 | D:6      | 4980 ||| Stepping ~*~*~tactically~*~*~ (retreating).
  4988 | D:6      | Reached skill level 6 in Fighting
  4990 | D:6      | 4990 ||| Stepping ~*~*~tactically~*~*~ (retreating).
  4991 | D:6      | 4991 ||| Stepping ~*~*~tactically~*~*~ (outnumbered).
  4993 | D:6      | 4993 ||| Stepping ~*~*~tactically~*~*~ (outnumbered).
  4994 | D:6      | 4994 ||| Stepping ~*~*~tactically~*~*~ (outnumbered).
  5002 | D:6      | HP: 8/51 [gnoll/+0 spear (6)]
  5003 | D:6      | 5003 ||| READING scroll of teleportation.
  5003 | D:6      | HP: 2/51 [wight/+0 halberd (7)]
  5004 | D:6      | 5004 ||| DRINKING potion of heal wounds.
  5019 | D:6      | Reached XP level 9. HP: 33/55 MP: 9/9
  5123 | D:6      | Reached skill level 10 in Ranged Weapons
  5215 | D:6      | Reached skill level 3 in Armour
  5257 | D:6      | 5257 ||| FLEEEEING.
  5258 | D:6      | 5258 ||| FLEEEEING.
  5259 | D:6      | 5259 ||| FLEEEEING.
  5260 | D:6      | 5260 ||| FLEEEEING.
  5267 | D:6      | 5267 ||| STAIRDANCE
  5346 | D:5      | 5346 ||| UPGRADING to +2 robe of cold resistance.
  5356 | D:5      | 5356 ||| DROPPING +0 ring mail.
  5409 | D:6      | Reached skill level 3 in Dodging
  5475 | D:6      | 5475 ||| SWAPPING to +0 orcbow.
  5476 | D:6      | 5476 ||| DROPPING +6 shortbow.
  5535 | D:6      | Identified the +8 hand axe "Impbane" {venom, rF+ rN+ Dex+3}
  5540 | D:6      | 5540 ||| RETREATING.
  5629 | D:6      | Found a staircase to the Ecumenical Temple.
  5630 | D:6      | 5630 ||| PLANNING TEMPLE
  5630 | D:6      | 5630 ||| UPGRADING to +2 cloak.
  5635 | D:6      | 5635 ||| READING scroll labelled FOALEO GULE.
  5636 | D:6      | 5636 ||| DRINKING 2 black potions.
  5637 | D:6      | 5637 ||| DRINKING 2 metallic coppery potions.
  5638 | D:6      | 5638 ||| READING 2 scrolls of identify.
  5638 | D:6      | 5638 ||| IDENTIFYING emerald potion
  5639 | D:6      | 5639 ||| DROPPING potion of degeneration.
  5640 | D:6      | 5640 ||| DROPPING potion of magic.
  5660 | Temple   | Entered the Ecumenical Temple
  5661 | Temple   | 5661 ||| PLANNING OKAWARU WORSHIP
  5686 | Temple   | Became a worshipper of Warmaster Okawaru
  5687 | Temple   | 5687 ||| PLANNING D:1-11
  5872 | D:7      | 5872 ||| Stepping randomly (disturbance).
  5873 | D:7      | 5873 ||| Stepping randomly (disturbance).
  5874 | D:7      | 5874 ||| Stepping randomly (disturbance).
  5875 | D:7      | 5875 ||| UPGRADING to ring of willpower.
  5876 | D:7      | 5876 ||| Stepping randomly (disturbance).
  5878 | D:7      | 5878 ||| Stepping randomly (disturbance).
  5879 | D:7      | 5879 ||| Stepping randomly (disturbance).
  5907 | D:7      | HP: 14/57 [something (1)]
  5909 | D:7      | Killed an unseen horror
  6103 | D:7      | 6103 ||| RETREATING.
  6107 | D:7      | 6107 ||| Stepping ~*~*~tactically~*~*~ (retreating).
  6177 | D:7      | Reached * piety under Okawaru
  6214 | D:7      | Reached skill level 11 in Ranged Weapons
  6293 | D:7      | Reached skill level 1 in Invocations
  6332 | D:7      | 6332 ||| INVOKING Heroism.
  6375 | D:7      | Noticed a hornet
  6386 | D:7      | Killed a hornet
  6447 | D:7      | 6447 ||| INVOKING Heroism.
  6449 | D:7      | 6449 ||| Stepping ~*~*~tactically~*~*~ (outnumbered).
  6453 | D:7      | Reached skill level 3 in Invocations
  6557 | D:7      | 6557 ||| READING 2 scrolls of identify.
  6557 | D:7      | 6557 ||| IDENTIFYING yellow potion
  6600 | D:8      | 6600 ||| RETREATING.
  6601 | D:8      | 6601 ||| Stepping ~*~*~tactically~*~*~ (retreating).
  6602 | D:8      | 6602 ||| Stepping ~*~*~tactically~*~*~ (retreating).
  6603 | D:8      | 6603 ||| Stepping ~*~*~tactically~*~*~ (retreating).
  6604 | D:8      | 6604 ||| Stepping ~*~*~tactically~*~*~ (retreating).
  6605 | D:8      | 6605 ||| Stepping ~*~*~tactically~*~*~ (retreating).
  6606 | D:8      | 6606 ||| Stepping ~*~*~tactically~*~*~ (retreating).
  6617 | D:8      | Reached XP level 10. HP: 51/64 MP: 12/12
  6830 | D:8      | 6830 ||| INVOKING Heroism.
  6862 | D:8      | Found a staircase to the Lair.
  6984 | D:8      | 6984 ||| Stepping ~*~*~tactically~*~*~ (outnumbered).
  6986 | D:8      | 6986 ||| Stepping ~*~*~tactically~*~*~ (outnumbered).
  6988 | D:8      | 6988 ||| Stepping ~*~*~tactically~*~*~ (outnumbered).
  6990 | D:8      | 6990 ||| Stepping ~*~*~tactically~*~*~ (outnumbered).
  6992 | D:8      | 6992 ||| Stepping ~*~*~tactically~*~*~ (outnumbered).
  6994 | D:8      | 6994 ||| Stepping ~*~*~tactically~*~*~ (outnumbered).
  6996 | D:8      | 6996 ||| Stepping ~*~*~tactically~*~*~ (outnumbered).
  6998 | D:8      | 6998 ||| Stepping ~*~*~tactically~*~*~ (outnumbered).
  7000 | D:8      | 7000 ||| Stepping ~*~*~tactically~*~*~ (outnumbered).
  7007 | D:8      | 7007 ||| Stepping ~*~*~tactically~*~*~ (outnumbered).
  7009 | D:8      | 7009 ||| Stepping ~*~*~tactically~*~*~ (outnumbered).
  7011 | D:8      | 7011 ||| Stepping ~*~*~tactically~*~*~ (outnumbered).
  7134 | D:8      | Found a broken altar of Ashenzari.
  7694 | D:8      | 7694 ||| PLANNING LAIR
  7739 | Lair:1   | Entered Level 1 of the Lair of Beasts
  7743 | Lair:1   | Noticed a death yak
  7744 | Lair:1   | 7744 ||| INVOKING Heroism.
  7758 | Lair:1   | Killed a death yak
  7758 | Lair:1   | Reached ** piety under Okawaru
  7759 | Lair:1   | Reached skill level 12 in Ranged Weapons
  7888 | Lair:1   | Noticed a death yak
  7889 | Lair:1   | 7889 ||| RETREATING.
  7890 | Lair:1   | 7890 ||| Stepping ~*~*~tactically~*~*~ (retreating).
  7966 | Lair:1   | 7966 ||| INVOKING Heroism.
  7990 | Lair:1   | Reached *** piety under Okawaru
  8104 | Lair:1   | Noticed a cane toad
  8105 | Lair:1   | 8105 ||| INVOKING Heroism.
  8115 | Lair:1   | Killed a cane toad
  8139 | Lair:1   | Noticed a cane toad
  8140 | Lair:1   | 8140 ||| RETREATING.
  8146 | Lair:1   | 8146 ||| INVOKING Heroism.
  8155 | Lair:1   | Killed a cane toad
  8221 | Lair:1   | Reached skill level 13 in Ranged Weapons
  8358 | Lair:1   | 8358 ||| INVOKING Heroism.
  8360 | Lair:1   | Noticed a death yak
  8361 | Lair:1   | 8361 ||| RETREATING.
  8361 | Lair:1   | Noticed a death yak
  8370 | Lair:1   | Killed a death yak
  8371 | Lair:1   | Reached skill level 9 in Fighting
  8371 | Lair:1   | Reached XP level 11. HP: 71/71 MP: 12/14
  8372 | Lair:1   | Noticed a death yak
  8373 | Lair:1   | 8373 ||| Stepping ~*~*~tactically~*~*~ (retreating).
  8374 | Lair:1   | 8374 ||| Stepping ~*~*~tactically~*~*~ (retreating).
  8374 | Lair:1   | Noticed a death yak
  8374 | Lair:1   | Noticed a death yak
  8375 | Lair:1   | 8375 ||| Stepping ~*~*~tactically~*~*~ (retreating).
  8376 | Lair:1   | 8376 ||| Stepping ~*~*~tactically~*~*~ (retreating).
  8377 | Lair:1   | 8377 ||| Stepping ~*~*~tactically~*~*~ (retreating).
  8378 | Lair:1   | Noticed a death yak
  8379 | Lair:1   | Noticed a death yak
  8382 | Lair:1   | Noticed a death yak
  8382 | Lair:1   | Noticed a death yak
  8385 | Lair:1   | Killed a death yak
  8385 | Lair:1   | Noticed a death yak
  8387 | Lair:1   | HP: 17/71 [death yak (3)]
  8388 | Lair:1   | 8388 ||| READING scroll of teleportation.
  8389 | Lair:1   | 8389 ||| DRINKING potion of heal wounds.
  8390 | Lair:1   | 8390 ||| INVOKING Heroism.
  8391 | Lair:1   | 8391 ||| FLEEEEING.
  8392 | Lair:1   | 8392 ||| FLEEEEING.
  8393 | Lair:1   | 8393 ||| FLEEEEING.
  8394 | Lair:1   | 8394 ||| FLEEEEING.
  8397 | Lair:1   | 8397 ||| FLEEEEING.
  8398 | Lair:1   | 8398 ||| FLEEEEING.
  8399 | Lair:1   | 8399 ||| FLEEEEING.
  8400 | Lair:1   | 8400 ||| FLEEEEING.
  8401 | Lair:1   | 8401 ||| FLEEEEING.
  8403 | Lair:1   | 8403 ||| Stepping ~*~*~tactically~*~*~ (retreating).
  8405 | Lair:1   | 8405 ||| Stepping ~*~*~tactically~*~*~ (retreating).
  8406 | Lair:1   | 8406 ||| Stepping ~*~*~tactically~*~*~ (retreating).
  8407 | Lair:1   | 8407 ||| Stepping ~*~*~tactically~*~*~ (retreating).
  8408 | Lair:1   | 8408 ||| INVOKING Heroism.
  8418 | Lair:1   | HP: 15/71 [cane toad (13)]
  8426 | Lair:1   | HP: 11/71 [death yak (5)]
  8428 | Lair:1   | Slain by a death yak

Levels and vault maps discovered:
D:1:      saegor_arrival_simple_d, layout_basic,
          hellmonk_ecumenical_altar_blasted
D:2:      layout_basic, serial_shops, nicolae_shop_bloodbath_and_beyond,
          uniq_natasha
D:3:      layout_basic, wander_ebering_terrifying_dragon_lair
D:4:      layout_basic, mainiacjoe_overflow_six_doors_small,
          hangedman_decor_lopped, nicolae_wooded_promenade, eino_tiny_chamber
D:5:      layout_loops_corners, trog_wizard, makhleb_altar_promises_db,
          nicolae_uskayaw_murder_on_the_dancefloor, lemuel_round_altar,
          portal_sewer_entry_c, uniq_duvessa, uniq_crazy_yiuf_cottage,
          uniq_prince_ribbit1
D:6:      layout_rooms, minmay_temple_entry_grid
D:7:      layout_loops_ring
D:8:      layout_basic, overflow_temple_1_default, lair_entry_dummy
Temple:   minmay_temple_curvy_branch
Lair:1:   layout_loops_ring, lemuel_fruit_tree, grunt_megastairs_3

Skill      XL: |  1  2  3  4  5  6  7  8  9 10 |
---------------+-------------------------------+-----
Ranged Weapons | 5 6 7 8 9 11 13 | 13.4
Fighting       | 3 4 5 6 8 9 |  9.5
Armour         | 1 2 3 |  3.5
Dodging        | 2 3 4 |  4.3
Invocations    | 3 4 |  4.0
Stealth        | |  1.1

Action                     |  1- 3 |  4- 6 |  7- 9 | 10-12 || total
---------------------------+-------+-------+-------+-------++-------
   Fire: Shortbow          |   100 |   170 |   239 |       ||   509
         Orcbow            |       |       |   156 |   233 ||   389
 Invoke: Heroism           |       |       |     2 |     8 ||    10
    Use: Scroll            |     6 |    11 |    10 |     1 ||    28
         Potion            |       |     2 |     5 |     1 ||     8
 Armour: Leather armour    |    29 |     4 |       |       ||    33
         Ring mail         |       |    49 |    94 |       ||   143
         Skin              |       |       |    18 |       ||    18
         Robe              |       |       |    90 |    67 ||   157
  Dodge: Dodged            |    23 |    62 |   139 |    72 ||   296

Table legend:
 A = Non-vault XP
 B = Vault XP
 C = Vault XP percentage of total XP
 D = Non-vault monster count
 E = Vault monster count
 F = Vault count percentage of total count
                 A         B        C        D         E       F
            +---------+---------+-------+---------+---------+-------
      Total |    7516 |    3642 |  32.6 |     192 |      44 |  18.6
            +---------+---------+-------+---------+---------+-------
        D:1 |      46 |       0 |   0.0 |      27 |       0 |   0.0
        D:2 |      90 |      35 |  28.0 |      26 |       1 |   3.7
        D:3 |     111 |       1 |   0.9 |      18 |       1 |   5.3
        D:4 |     212 |       0 |   0.0 |      19 |       0 |   0.0
        D:5 |     670 |     518 |  43.6 |      15 |      11 |  42.3
        D:6 |    1205 |       0 |   0.0 |      33 |       0 |   0.0
        D:7 |    1433 |       0 |   0.0 |      17 |       0 |   0.0
        D:8 |     905 |       0 |   0.0 |      24 |       0 |   0.0
     Lair:1 |    2844 |    2871 |  50.2 |      13 |       6 |  31.6
      Sewer |       0 |     217 | 100.0 |       0 |      25 | 100.0
            +---------+---------+-------+---------+---------+-------
